 Dungeon Crawl Stone Soup version 0.30-a0-465-g8901f6c8b5 (webtiles) character file.

Game seed: 17857259702301543781

615 PyroL the Grasshopper (level 7, 0/60 HPs)
             Began as a Pale Draconian Warper on Dec 16, 2022.
             Slain by a gnoll sergeant
             ... wielding a +1 vampiric spear
              (3 damage)
             ... on level 5 of the Dungeon on Dec 19, 2022.
             The game lasted 00:22:34 (5101 turns).

PyroL the Grasshopper (Pale Draconian Warper)       Turns: 5101, Time: 00:22:35

Health: 0/60       AC: 10    Str: 20 (21) XL:     7   Next: 21%
Magic:  3/13       EV: 11    Int: 14      God:
Gold:   199        SH:  0    Dex:  5 (10) Spells: 8/14 levels left

rFire   + . .      SeeInvis .    m - +2 flail (holy)
rCold   + . .      Faith    +    (no shield)
rNeg    . . .      Spirit   .    (body armour unavailable)
rPois   +          Reflect  .    (helmet restricted)
rElec   +          Harm     .    x - +0 cloak
rCorr   +          Rampage  .    (no gloves)
Will    .....                    p - +2 pair of boots
Stlth   +.........               f - amulet of faith
HPRegen 0.30/turn                a - +6 ring of strength
MPRegen 0.13/turn                (no ring)

@: brilliant, resistant, very slightly contaminated, invisible
A: breathe steam, AC +6, unfitting armour, cold-blooded, steam resistance,
deterioration 1, inability to read after injury 2, MP-powered wands
a: Breathe Steam


You were on level 5 of the Dungeon.
You visited 1 branch of the dungeon, and saw 5 of its levels.

You collected 199 gold pieces.

Inventory:

Hand Weapons
 m - a +2 flail of holy wrath (weapon)
Missiles
 c - 7 boomerangs of dispersal (quivered)
Armour
 p - a +2 pair of boots (worn)
 x - a +0 cloak (worn)
Jewellery
 a - a +6 ring of strength (left hand)
 f - an amulet of faith (around neck)
Scrolls
 b - 5 scrolls of blinking
 d - a scroll of fog
 g - a scroll of immolation
 i - a scroll of enchant armour
 l - a scroll of amnesia {unknown}
 o - a scroll of fear {unknown}
 q - a scroll of identify {unknown}
 s - a scroll of brand weapon {unknown}
 t - a scroll of silence {unknown}
Potions
 w - a potion of cancellation {unknown}


   Skills:
 + Level 4.7 Fighting
 - Level 2.0 Maces & Flails
 - Level 0.8 Throwing
 - Level 2.1 Dodging
 + Level 4.0 Spellcasting
 * Level 6.3 Translocations
 + Level 0.0 Air Magic


You had 8 spell levels left.
You knew the following spells:

 Your Spells              Type           Power      Damage    Failure   Level
a - Blink                 Tloc           60%        N/A       2%          2
b - Manifold Assault      Tloc           30%        N/A       14%         4

Your spell library contained the following spells:

 Spells                   Type           Power      Damage    Failure   Level
 Lesser Beckoning         Tloc           60%        N/A       4%          3
 Teleport Other           Tloc           30%        N/A       4%          3
 Vhi's Electric Charge    Tloc/Air       34%        N/A       16%         3
 Freeze                   Ice            16%        1d4       19%         1
 Summon Small Mammal      Summ           16%        N/A       19%         1
 Cigotuvi's Dreadful Rot  Necr/Pois/Air  8%         N/A       28%         2
 Poisonous Vapours        Pois/Air       8%         N/A       28%         2
 Call Canine Familiar     Summ           4%         N/A       50%         3
 Frozen Ramparts          Ice            8%         1d2       50%         3
 Hailstorm                Conj/Ice       4%         3d4       50%         3
 Mephitic Cloud           Conj/Pois/Air  4%         N/A       50%         3
 Summon Guardian Golem    Hex/Summ       4%         N/A       50%         3


Dungeon Overview and Level Annotations

Branches:
Dungeon (5/15)
 Temple: D:4-7

Altars:
The Shining One

Shops:
D:4 *


Innate Abilities, Weirdness & Mutations

You can breathe blasts of scalding, opaque steam.
Your pale cyan-grey scales are hard. (AC +6)
You cannot fit into any form of body armour.
You are cold-blooded and may be slowed by cold attacks.
You are immune to the effects of steam.
Your body sometimes deteriorates upon taking damage.
You sometimes lose the ability to read scrolls when taking damage.
You expend magic power (3 MP) to strengthen your wands.


Message History

* * * LOW HITPOINT WARNING * * *
The gnoll barely misses you.
There is a stone staircase leading up here.
You hit the gnoll sergeant.
Your tail-slap misses the gnoll sergeant.
The gnoll sergeant is heavily wounded.
The gnoll sergeant misses you. x2
You hit the gnoll sergeant. You tail-slap the gnoll sergeant.
The gnoll sergeant is almost dead.
You can read scrolls again.
The gnoll sergeant hits you but does no damage.
You completely miss the gnoll sergeant.
The gnoll sergeant is almost dead.
The gnoll sergeant barely misses you.
You hit the gnoll sergeant but do no damage.
The gnoll sergeant is almost dead.
You hit the gnoll sergeant but do no damage.
Your tail-slap misses the gnoll sergeant.
The gnoll sergeant is almost dead.
The gnoll closely misses you.
The gnoll sergeant hits you with a +1 vampiric spear!
You feel threatened and lose the ability to read scrolls!
* * * LOW HITPOINT WARNING * * *
The gnoll hits you with a +0 halberd.
* * * LOW HITPOINT WARNING * * *
The gnoll sergeant closely misses you.
It was a potion of brilliance.
You feel clever all of a sudden. The gnoll sergeant barely misses you.
The gnoll hits you with a +0 halberd.
* * * LOW HITPOINT WARNING * * *
You hit the gnoll sergeant but do no damage.
The gnoll sergeant is almost dead.
The gnoll closely misses you.
The gnoll sergeant hits you but does no damage.
Unknown command.
You barely miss the gnoll sergeant.
The gnoll sergeant is almost dead.
You can read scrolls again.
The gnoll sergeant hits you with a +1 vampiric spear.
You die...

#.....# #.....#
#......# #.#.#.#
####### ####.###
#.#.#.# #..# #.#.#.#
#.## #.#.#.# #g#
#.#.#.# ##### #.#
#.....########..<####.#
###.........##.#......#
#########..gg@.######
########


You could see a gnoll sergeant (unable to see you) and a gnoll (unable to see
you).

Vanquished Creatures
  An ice beast (D:5)
  A scorpion (D:5)
  A jelly (D:5)
  5 hounds
  An orc priest (D:4)
  2 iguanas
  A scorpion zombie (D:3)
  A hound skeleton (D:3)
  4 gnolls
  3 adders (D:5)
  A white imp (D:5)
  2 adder skeletons (D:3)
  3 worms
  2 dart slugs
  4 orcs
  3 ball pythons
  5 bats
  8 endoplasms
  5 giant cockroaches
  4 hobgoblins
  10 kobolds
  8 quokkas
  A ball python skeleton (D:3)
  2 ball python zombies (D:3)
  6 frilled lizards
  6 goblins
  4 rats
94 creatures vanquished.

Vanquished Creatures (others)
  50 plants (D:4)
50 creatures vanquished.

Grand Total: 144 creatures vanquished

Notes
Turn   | Place    | Note
-------+----------+-------------------------------------------
     0 | D:1      | PyroL the Draconian Warper began the quest for the Orb.
     0 | D:1      | Reached XP level 1. HP: 17/17 MP: 3/3
   260 | D:1      | Reached XP level 2. HP: 25/25 MP: 5/5
   263 | D:1      | Learned a level 2 spell: Blink
   940 | D:2      | Reached XP level 3. HP: 30/30 MP: 6/6
  1681 | D:3      | Reached skill level 4 in Translocations
  2135 | D:3      | Reached XP level 4. HP: 38/38 MP: 6/8
  2422 | D:4      | Found a glowing golden altar of the Shining One.
  2440 | D:4      | Reached XP level 5. HP: 36/45 MP: 9/9
  2446 | D:4      | Upgraded the game from 0.30-a0-462-gd5975efbca to
                  | 0.30-a0-465-g8901f6c8b5
  2697 | D:4      | Reached skill level 5 in Translocations
  3134 | D:4      | Found Ofufe's Assorted Antiques.
  3360 | D:4      | Reached XP level 6. HP: 36/52 MP: 9/11
  3597 | D:5      | Entered Level 5 of the Dungeon
  4186 | D:5      | Noticed an ice beast
  4188 | D:5      | Gained mutation: You have a pair of small antennae on your
                  | head. [potion of mutation]
  4188 | D:5      | Gained mutation: You occasionally lose the ability to read
                  | scrolls when taking damage. [potion of mutation]
  4188 | D:5      | Gained mutation: You possess an exceptional clarity of
                  | mind. [potion of mutation]
  4188 | D:5      | Gained mutation: Your natural rate of healing is unusually
                  | fast. [potion of mutation]
  4201 | D:5      | Killed an ice beast
  4202 | D:5      | Reached skill level 6 in Translocations
  4202 | D:5      | Your scales start taking on a pale cyan-grey colour.
  4202 | D:5      | Reached XP level 7. HP: 51/60 MP: 12/12
  4202 | D:5      | Gained mutation: You are immune to the effects of steam.
                  | [Pale Draconian growth]
  4207 | D:5      | Learned a level 4 spell: Manifold Assault
  4207 | D:5      | Lost mutation: You have a pair of small antennae on your
                  | head. [potion of mutation]
  4207 | D:5      | Lost mutation: You possess an exceptional clarity of mind.
                  | [potion of mutation]
  4207 | D:5      | Lost mutation: Your natural rate of healing is unusually
                  | fast. [potion of mutation]
  4207 | D:5      | Gained mutation: You are agile. (Dex +4, Str/Int -1)
                  | [potion of mutation]
  4207 | D:5      | Gained mutation: You do not regenerate when monsters are
                  | visible. [potion of mutation]
  4207 | D:5      | Gained mutation: You passively map a small area around you.
                  | [potion of mutation]
  4208 | D:5      | Lost mutation: You passively map a small area around you.
                  | [potion of mutation]
  4208 | D:5      | Lost mutation: You are agile. (Dex +4, Str/Int -1) [potion
                  | of mutation]
  4208 | D:5      | Lost mutation: You do not regenerate when monsters are
                  | visible. [potion of mutation]
  4208 | D:5      | Gained mutation: Your body sometimes deteriorates upon
                  | taking damage. [potion of mutation]
  4208 | D:5      | Gained mutation: You sometimes lose the ability to read
                  | scrolls when taking damage. [potion of mutation]
  4208 | D:5      | Gained mutation: You expend magic power (3 MP) to
                  | strengthen your wands. [potion of mutation]
  5099 | D:5      | HP: 2/60 [gnoll/+0 halberd[a gnoll sergeant] (2)]
  5101 | D:5      | Slain by a gnoll sergeant

Illustrated notes

Levels and vault maps discovered:
D:1:      psy_arrival_whirlpool, layout_basic, palyth_stone_intersect
D:2:      layout_loops_cross, kennysheep_generic_room_14
D:3:      layout_loops_ring, serial_undead, serial_undead_d, serial_undead_d,
          serial_undead_e, serial_undead_f
D:4:      wad_woods_stonehenge, layout_loops_ring, nicolae_stop_n_shop_1,
          serial_bayou_lagoon_a
D:5:      layout_loops_cross, kennysheep_little_box

Skill      XL: |  1  2  3  4  5  6  7 |
---------------+----------------------+-----
Translocations | 4 5 6 |  6.3
Fighting       | 3 4 |  4.7
Spellcasting   | 3 4 |  4.0
Maces & Flails | |  2.0
Throwing       | |  0.8
Dodging        | |  2.1

Action                   |  1- 3 |  4- 6 |  7- 9 || total
-------------------------+-------+-------+-------++-------
Melee: Mace              |    97 |       |       ||    97
       Tailslap          |     5 |    20 |     8 ||    33
       Flail             |    67 |   162 |    63 ||   292
       Punch             |       |     3 |       ||     3
 Cast: Manifold Assault  |       |       |    13 ||    13
  Use: Scroll            |     1 |     2 |     1 ||     4
       Potion            |       |     2 |     8 ||    10
Armor: Skin              |    61 |    51 |    26 ||   138
Dodge: Dodged            |   116 |   106 |    45 ||   267

Table legend: (Time is in decaauts)
 A = Elapsed time spent in this place.
 B = Non-inter-level travel time spent in this place.
 C = Inter-level travel time spent in this place.
 D = Time resting spent in this place.
 E = Time spent auto-exploring this place.
 F = Levels seen in this place.
 G = Mean time per level.
                   A        B        C        D        E       F      G
               +--------+--------+--------+--------+--------+-----+--------+
         Total |   5216 |   5052 |    164 |    624 |   3340 |   5 | 1043.2 |
       Dungeon |   5216 |   5052 |    164 |    624 |   3340 |   5 | 1043.2 |
               +--------+--------+--------+--------+--------+-----+--------+

Top non-repeatable levels by time:
     D:4: 1573 daAuts
     D:5: 1192 daAuts
     D:1: 948 daAuts
     D:3: 812 daAuts
     D:2: 691 daAuts
